 Dungeon Crawl Stone Soup version 0.21.1-1-g345015f (webtiles) character file.

4245 craydon the Fighter (level 10, -7/91 HPs)
             Began as a White Draconian Berserker on June 9, 2018.
             Was an Elder of Trog.
             Mangled by a hornet (11 damage)
             ... on level 8 of the Dungeon on June 11, 2018.
             The game lasted 01:09:23 (8159 turns).

craydon the Fighter (White Draconian Berserker)     Turns: 8159, Time: 01:09:23

Health: -7/91      AC: 10    Str: 22    XL:     10   Next: 9%
Magic:  10/10      EV: 16    Int:  8    God:    Trog [****..]
Gold:   488        SH:  0    Dex: 11    Spells: 9/9 levels left

rFire    . . .     SeeInvis .   a - +0 falchion
rCold    + . .     Gourm    .   (no shield)
rNeg     . . .     Faith    .   (armour unavailable)
rPois    .         Spirit   .   (helmet restricted)
rElec    .         Reflect  .   (no cloak)
rCorr    .         Harm     .   (no gloves)
MR       ++...                  m - +2 pair of boots
Stlth    +.........             (no amulet)
HPRegen  1.25/turn              (no ring)
MPRegen  0.12/turn              (no ring)

@: lethally poisoned (-7 -> -18), flying, regenerating, slowed, very slow
A: breathe frost, unfitting armour, cold resistance 1, cold-blooded, AC +7
a: Breathe Frost, Berserk, Trog's Hand, Brothers in Arms, Burn Spellbooks,
Renounce Religion


You were on level 8 of the Dungeon.
You worshipped Trog.
Trog was greatly pleased with you.
You were hungry.

You visited 1 branch of the dungeon, and saw 8 of its levels.

You collected 488 gold pieces.

Inventory:

Hand Weapons
 a - a +0 falchion (weapon)
 n - a +1 vampiric trident
 A - a +1 dagger of flaming
Armour
 d - a +0 leather armour
 m - a +2 pair of boots (worn)
 o - a +2 pair of boots
 y - a +0 helmet
Wands
 B - a wand of polymorph (9)
Scrolls
 e - 5 scrolls of teleportation
 f - a scroll of identify
 g - 2 scrolls of fog {unknown}
 h - a scroll of amnesia {unknown}
 l - a scroll of magic mapping {unknown}
 p - 2 scrolls of enchant weapon {unknown}
 q - 2 scrolls of remove curse {unknown}
 v - a scroll of random uselessness {unknown}
 x - a scroll of holy word {unknown}
Potions
 c - a potion of berserk rage {unknown}
 i - 2 potions of magic
 j - a potion of flight
 t - a potion of agility {unknown}
 u - a potion of haste
 z - a potion of ambrosia {unknown}
Books
 s - a book of Changes

   Spells                             Type                      Level
   a - Beastly Appendage              Transmutation                1
   b - Sticks to Snakes               Transmutation                2
   c - Spider Form                    Transmutation/Poison         3
   d - Ice Form                       Ice/Transmutation            4
   e - Blade Hands                    Transmutation                5
   Trog disapproves of the use of such an item.
Comestibles
 b - 4 rations


   Skills:
 + Level 9.0 Fighting
 - Level 8.3 Long Blades
 * Level 4.7 Polearms
 + Level 8.3 Dodging
 - Level 1.0 Stealth


You had 9 spell levels left.
You didn't know any spells.

Dungeon Overview and Level Annotations

Branches:
Dungeon (8/15)             Temple (0/1) D:6
   Lair: D:8-11

Altars:
Ashenzari
Cheibriados
Dithmenos
Elyvilon
Fedhas
Nemelex Xobeh
Ru
Uskayaw
Vehumet

Annotations:
D:8 Gastronok


Innate Abilities, Weirdness & Mutations

You can breathe waves of freezing cold.
You can buffet flying creatures when you breathe cold.
Your icy white scales are hard. (AC +7)
You cannot fit into any form of body armour.
Your flesh is cold resistant. (rC+)
You are cold-blooded and may be slowed by cold attacks.


Message History

* * * LOW HITPOINT WARNING * * *
You feel as though you will be slow longer.
The hornet stings you!
* * * LOW HITPOINT WARNING * * *
You feel as though you will be slow longer.
You can move again.
Your skin crawls.
You feel resistant to hostile enchantments.
You feel somewhat more hungry.
* * * LOW HITPOINT WARNING * * *
You feel very sick. The hornet barely misses you.
You riposte.
You hit the hornet.
The hornet is severely wounded.
The hornet stings you but does no damage.
You hit the hornet.
The hornet is severely wounded.
* * * LOW HITPOINT WARNING * * *
You feel very sick. The hornet stings you!
You die...

.yy...##.)[[yy##.........
.#[...####.##....)....
#..p..(..#.))##.........
.....).....))[)..........
.#..#...##(.####.........
#. ###.##.## #.........
#. ...# #.#..# #.........
#..##..# ##..y##
########## #..#...#
#>.@..###
##......###(#.#...###
#.............###...#
#..........#...####.##
#......)...#....# #..##
#..........#....# ##..#
#.##..####......# ##.####
#. ###..### #<....# #.
##.### #.....#


You could see a hornet.

Vanquished Creatures
  A two-headed ogre (D:8)
  Pikel (D:8)
  The ghost of Jaiteiro the Archer, a novice CeHu of Okawaru (D:5)
  The ghost of tidbits the Sneak, a novice GnEn (D:6)
  An ice beast (D:7)
  A slave (D:8)
  2 orc warriors
  A black bear (D:5)
  2 necrophages (D:8)
  3 ogres
  2 bullfrogs (D:6)
  A gnoll sergeant (D:7)
  A water moccasin skeleton (D:7)
  3 scorpions (D:7)
  5 killer bees (D:8)
  A howler monkey (D:3)
  A crimson imp (D:7)
  A bullfrog zombie (D:6)
  Crazy Yiuf (D:2)
  An orc priest (D:8)
  7 hounds
  3 orc wizards
  A bullfrog skeleton (D:4)
  3 worker ants
  2 iguanas
  A howler monkey zombie (D:7)
  A worker ant zombie (D:6)
  6 adders
  4 gnolls
  3 howler monkey skeletons
  7 river rats (D:6)
  A shadow imp (D:7)
  An ooze (D:5)
  8 worms
  4 dart slugs
  2 leopard geckos
  11 orcs
  3 ball pythons
  3 giant cockroaches (D:1)
  2 goblins
  8 hobgoblins
  20 jackals
  3 quokkas
  4 bats
  2 frilled lizards
  3 kobolds
  2 quokka skeletons
  4 rats
  6 plants (D:7)
156 creatures vanquished.

Vanquished Creatures (collateral kills)
  A two-headed ogre (D:8)
1 creature vanquished.

Vanquished Creatures (others)
  3 slaves (D:8)
  A gnoll (D:8)
  3 plants (D:7)
7 creatures vanquished.

Grand Total: 164 creatures vanquished

Notes
Turn   | Place    | Note
-------+----------+-------------------------------------------
     0 | D:1      | craydon the Draconian Berserker began the quest for the Orb.
     0 | D:1      | Reached XP level 1. HP: 19/19 MP: 1/1
   462 | D:1      | Reached XP level 2. HP: 26/26 MP: 2/2
  1180 | D:2      | Reached XP level 3. HP: 31/31 MP: 3/3
  1286 | D:2      | Found a sacrificial altar of Ru.
  1311 | D:2      | Found a white marble altar of Elyvilon.
  1316 | D:2      | Found a radiant altar of Vehumet.
  1453 | D:2      | Found a runed door.
  1457 | D:2      | Noticed Crazy Yiuf
  1464 | D:2      | Killed Crazy Yiuf
  1464 | D:2      | Reached XP level 4. HP: 37/40 MP: 4/4
  2098 | D:3      | Reached ** piety under Trog
  2705 | D:3      | Reached skill level 4 in Fighting
  2705 | D:3      | Reached XP level 5. HP: 46/46 MP: 5/5
  2880 | D:4      | Reached skill level 1 in Stealth
  2947 | D:4      | Reached skill level 5 in Long Blades
  3292 | D:4      | Reached XP level 6. HP: 49/52 MP: 6/6
  3322 | D:4      | Found a snail-covered altar of Cheibriados.
  3368 | D:4      | Found a sparkling altar of Nemelex Xobeh.
  3567 | D:4      | Found a shadowy altar of Dithmenos.
  3682 | D:5      | Entered Level 5 of the Dungeon
  3774 | D:5      | Noticed Jaiteiro's ghost (novice CeHu)
  3819 | D:5      | Killed Jaiteiro's ghost
  3819 | D:5      | Your scales start taking on an icy white colour.
  3819 | D:5      | Reached XP level 7. HP: 60/60 MP: 7/7
  3819 | D:5      | Gained mutation: Your flesh is cold resistant. (rC+) [White Draconian growth]
  4773 | D:6      | Reached skill level 5 in Fighting
  4773 | D:6      | Reached skill level 5 in Dodging
  4843 | D:6      | Noticed tidbits's ghost (novice GnEn)
  4877 | D:6      | Killed tidbits's ghost
  4877 | D:6      | Reached XP level 8. HP: 54/69 MP: 8/8
  5069 | D:6      | Reached *** piety under Trog
  5365 | D:6      | Found a staircase to the Ecumenical Temple.
  5560 | D:6      | Reached skill level 6 in Fighting
  5586 | D:6      | Reached skill level 1 in Polearms
  6345 | D:7      | Found a shattered altar of Ashenzari.
  6418 | D:7      | Reached XP level 9. HP: 78/78 MP: 9/9
  6652 | D:7      | Reached skill level 7 in Fighting
  7037 | D:7      | Found a blossoming altar of Fedhas.
  7039 | D:7      | Found a hide-covered altar of Uskayaw.
  7318 | D:8      | Noticed Gastronok
  7373 | D:8      | Reached **** piety under Trog
  7518 | D:8      | Noticed a two-headed ogre
  7536 | D:8      | Killed a two-headed ogre
  7536 | D:8      | Reached skill level 8 in Fighting
  7585 | D:8      | Noticed Pikel
  7600 | D:8      | Noticed a two-headed ogre
  7607 | D:8      | Killed Pikel
  7615 | D:8      | Killed a two-headed ogre
  7615 | D:8      | Reached XP level 10. HP: 69/89 MP: 10/10
  7768 | D:8      | HP: 4/90 [poisoned by a killer bee]
  7774 | D:8      | Reached skill level 9 in Fighting
  8156 | D:8      | Paralysed by a hornet for 2 turns
  8159 | D:8      | HP: 4/91 [poisoned by a hornet]
  8159 | D:8      | Mangled by a hornet

Skill      XL: |  1  2  3  4  5  6  7  8  9 10 |
---------------+-------------------------------+-----
Dodging        | 3 4 5 6 8 |  8.3
Long Blades    | 4 5 6 7 8 |  8.3
Fighting       | 4 5 6 8 9 |  9.0
Stealth        | 1 |  1.0
Polearms       | 2 4 |  4.7

Action                   |  1- 3 |  4- 6 |  7- 9 | 10-12 || total
-------------------------+-------+-------+-------+-------++-------
Melee: Falchion          |    67 |   153 |   622 |    52 ||   894
       Tailslap          |     7 |    29 |   116 |     9 ||   161
Invok: Berserk           |     5 |     3 |    10 |     1 ||    19
       Trog's Hand       |       |       |     1 |     1 ||     2
       Brothers in Arms  |       |       |     1 |       ||     1
  Use: Scroll            |       |     6 |     4 |     1 ||    11
       Potion            |       |       |       |     9 ||     9
 Stab: Sleeping          |       |     1 |     2 |       ||     3
  Eat: Chunk             |     5 |    10 |     8 |       ||    23
       Ration            |       |       |     5 |     1 ||     6
Armor: Skin              |    16 |    45 |   108 |    24 ||   193
Dodge: Dodged            |    49 |    94 |   268 |   114 ||   525
       Rpst.: Falchion   |    17 |    34 |    84 |    38 ||   173
